 Dungeon Crawl Stone Soup version 0.31-a0-1206-g41278d8d1d (webtiles) character file.

Game seed: 8012350808686833647

4821 Dirtsage the Mimic (level 10, -6/69 HPs)
             Began as an Octopode Shapeshifter on Dec 13, 2023.
             Was an Initiate of Gozag.
             Mangled by a skeletal warrior
             ... wielding a +0 trident
              (21 damage)
             ... on level 8 of the Dungeon.
             The game lasted 00:15:44 (6796 turns).

Dirtsage the Mimic (Octopode Shapeshifter)          Turns: 6796, Time: 00:15:45

Health: -6/69      AC:  1    Str: 22    XL:     10   Next: 48%
Magic:  10/10      EV: 22    Int: 13    God:    Gozag
Gold:   721        SH:  0    Dex: 22    Spells: 9/9 levels left

rFire   + .          .
                       - Unarmed
rCold   + + .        (shield currently unavailable)
rNeg    + . .        (helmet restricted)
rPois   .            o - amulet of regeneration
rElec   .            F - ring of protection from fire
rCorr   .            u - +6 ring of dexterity
SInv    +            S - ring of see invisible
Will    .....        A - ring "Yfoelatz" {rC+ rN+ Str+3}
Stlth   +            J - +6 ring of strength
HPRegen 1.11/turn    I - ring of protection from cold
MPRegen 0.12/turn    (no ring)
                     (no ring)

%: no passive effects
@: flux-form, glowing, studying Fire Magic
A: glow, contaminating, almost no armour, amphibious, 8 rings, camouflage 1,
gelatinous body 1, (nimble swimmer 1), tentacles
a: Begin Untransformation, Renounce Religion, Potion Petition, Call Merchant,
Bribe Branch


You were on level 8 of the Dungeon.
You worshipped Gozag.
Gozag was pleased with you.
You were something dangerously unstable.
You visited 2 branches of the dungeon, and saw 10 of its levels.

You collected 827 gold pieces.
You spent 55 gold pieces at shops.
You paid 51 gold pieces to Gozag.

Inventory:

Missiles
 C - 3 curare-tipped darts
Armour
 g - a +1 hat
Magical Staves
 y - a staff of death
Jewellery
 e - an amulet of the acrobat
 o - an amulet of regeneration (around mantle)
 u - a +6 ring of dexterity (right tentacle)
 A - the ring "Yfoelatz" (on tentacle) {rC+ rN+ Str+3}
   (You found it on level 5 of the Dungeon)

   [ring of positive energy]

   Str+3:     It affects your strength (+3).
   rC+:       It protects you from cold.
   rN+:       It protects you from negative energy.
 F - a ring of protection from fire (left tentacle)
 I - a ring of protection from cold (on tentacle)
 J - a +6 ring of strength (on tentacle)
 S - a ring of see invisible (on tentacle)
Talismans
 b - a beast talisman
 c - a flux talisman (active)
Wands
 z - a wand of quicksilver (3)
 G - a wand of mindburst (5)
 H - a wand of roots (10)
 K - a wand of charming (7)
Scrolls
 d - a scroll of fog
 h - a scroll of noise
 n - 3 scrolls of revelation
 t - 3 scrolls of teleportation
 v - a scroll of silence
 w - a scroll of poison {unknown}
 B - a scroll of blinking
 D - a scroll of amnesia {unknown}
 L - a scroll of vulnerability {unknown}
Potions
 a - a potion of lignification
 f - 3 potions of brilliance {unknown}
 i - a potion of invisibility {unknown}
 j - a potion of degeneration {unknown}
 k - a potion of enlightenment {unknown}
 l - 2 potions of heal wounds
 m - 3 potions of magic {unknown}
 p - a potion of ambrosia {unknown}
 q - 2 potions of curing
 r - 2 potions of resistance {unknown}
 s - a potion of might {unknown}
 x - a potion of haste {unknown}
 E - a potion of mutation


   Skills:
 + Level 6.7 Fighting
 + Level 7.0 Dodging
 + Level 7.4 Unarmed Combat
 * Level 9.3 Shapeshifting


You had 9 spell levels left.
You didn't know any spells.
Your spell library contained the following spells:

 Spells                   Type           Power      Damage    Failure   Level
 Static Discharge         Conj/Air       0%         3-3/arc   43%         2
 Sublimation of Blood     Necr           0%         N/A       43%         2
 Call Canine Familiar     Summ           0%         N/A       67%         3
 Hailstorm                Conj/Ice       0%         3d5       67%         3
 Ozocubu's Armour         Ice            0%         N/A       67%         3
 Sigil of Binding         Hex            0%         N/A       67%         3
 Airstrike                Air            0%         2d(0-16)  97%         4
 Dimensional Bullseye     Hex/Tloc       0%         N/A       97%         4
 Leda's Liquefaction      Hex/Erth       0%         N/A       97%         4
 Petrify                  Tmut/Erth      0%         N/A       97%         4
 Summon Ice Beast         Ice/Summ       0%         N/A       97%         4
 Summon Lightning Spire   Summ/Air       0%         N/A       97%         4
 Irradiate                Conj/Tmut      0%         3d11      100%        5
 Metabolic Englaciation   Hex/Ice        0%         N/A       100%        5
 Simulacrum               Ice/Necr       Unusable   N/A       N/A         6

Dungeon Overview and Level Annotations

Branches:
Dungeon (9/15)             Temple (1/1) D:4
   Lair: D:8-11         Orc: D:9-12

Altars:
Ashenzari
Cheibriados
Dithmenos
Elyvilon
Fedhas
Gozag
Hepliaklqana
Kikubaaqudgha
Makhleb
Nemelex Xobeh
Okawaru
Qazlal
Trog
Uskayaw
Vehumet
Wu Jian
Xom
Zin
The Shining One

Shops:
D:1 =   D:6 ([**

Annotations:
D:8 Psyche


Innate Abilities, Weirdness & Mutations

You are something dangerously unstable.
You glow with magical radiation, making you easy to see and hit.
Foes you strike become dangerously contaminated with magical radiation.
You are incapable of wielding weapons or throwing items.
You cannot wear most types of armour.
You are amphibious.
You can wear up to eight rings at the same time.
Your skin changes colour to match your surroundings (Stealth+).
Your rubbery body absorbs attacks. (AC +1, EV +1)
((You are camouflaged when in or above water. (Stealth+)))
You have tentacles for arms and can constrict up to eight enemies at once.


Message History

Items here: ))) [.
You regained 2 hp, and now have 31/69 hp.
You now have 721 gold pieces (gained 10).
Things that are here:
a +0 club; a +0 dagger; a +0 robe You regained 3 hp, and now have 34/69 hp.
Items here: ))) [.
Found a stone staircase leading down.
Health restored: 69
There is a stone staircase leading down here.
A skeletal warrior comes into view. It is wielding a +0 trident.
The skeletal warrior closely misses you.
You tentacle-slap the skeletal warrior but do no damage.
The skeletal warrior begins to glow.
You grab the skeletal warrior.
You squeeze the skeletal warrior, but do no damage.
You constrict the skeletal warrior, but do no damage.
The skeletal warrior hits you with a +0 trident!
You take 13 damage, and have 56/69 hp.
You bludgeon the skeletal warrior!
The skeletal warrior glows dangerously bright.
You squeeze the skeletal warrior, but do no damage.
The skeletal warrior is lightly damaged.
You constrict the skeletal warrior, but do no damage.
The skeletal warrior hits you with a +0 trident!!
You take 27 damage, and have 29/69 hp.
MASSIVE DAMAGE!!
You tentacle-slap the skeletal warrior but do no damage.
The skeletal warrior shudders as magic cascades through it!!
You squeeze the skeletal warrior.
The skeletal warrior is severely damaged.
You constrict the skeletal warrior.
The skeletal warrior hits you with a +0 trident!
* * * LOW HITPOINT WARNING * * *
You take 15 damage, and have 14/69 hp.
MASSIVE DAMAGE!!
You tentacle-slap the skeletal warrior but do no damage.
The skeletal warrior begins to glow.
The skeletal warrior is severely damaged.
You constrict the skeletal warrior, but do no damage.
The skeletal warrior hits you with a +0 trident!!
You die...
Your body crumbles into a pile of gold.

#...# #.##.#
##### #.##.#
..##.#####.#
####.......#
..####.#######
#.........#
######.##.#
#.##.# #.##p#
#.##z# #.##.#
#.##.# #. #.#
........#
####.####
##..z ##..#


You could see a skeletal warrior (contam).

Vanquished Creatures
  Erica (D:8)
  A skeletal warrior (D:8)
  Pikel (D:6)
  A deep elf pyromancer (D:8)
  A cyclops (D:8)
  Maggie (D:8)
  Sigmund (D:2)
  2 steam dragons (D:8)
  Menkaure (D:4)
  A sky beast (D:7)
  2 ogres
  A centaur (D:8)
  3 lemures
  2 gnoll sergeants
  2 scorpions
  5 killer bees (D:7)
  A howler monkey (D:5)
  4 jellies
  3 orc priests (D:4)
  5 hounds
  An iguana (D:7)
  3 orc wizards (D:8)
  10 gnolls
  7 adders
  3 white imps
  A worm (D:4)
  4 dart slugs
  29 orcs
  10 ball pythons
  3 endoplasms
  4 giant cockroaches
  5 hobgoblins
  5 jackals
  6 quokkas
  6 frilled lizards
  8 goblins
  6 kobolds
  4 rats
154 creatures vanquished.

Vanquished Creatures (others)
  An orc (D:8)
  A ball python (D:3)
2 creatures vanquished.

Grand Total: 156 creatures vanquished

Notes
Turn   | Place    | Note
-------+----------+-------------------------------------------
     0 | D:1      | Dirtsage the Octopode Shapeshifter began the quest for the
                  | Orb.
     0 | D:1      | Reached XP level 1. HP: 13/13 MP: 1/1
   135 | D:1      | Found Gaozuv's Jewellery Boutique.
   176 | D:1      | Reached XP level 2. HP: 17/18 MP: 2/2
   349 | D:1      | Found a faded altar of an unknown god.
   823 | D:2      | Reached XP level 3. HP: 19/22 MP: 3/3
  1250 | D:2      | Reached XP level 4. HP: 25/29 MP: 4/4
  1441 | D:2      | Noticed Sigmund
  1474 | D:2      | Killed Sigmund
  1475 | D:2      | Reached skill level 4 in Shapeshifting
  1475 | D:2      | Reached XP level 5. HP: 20/35 MP: 5/5
  1475 | D:2      | Reached XP level 6. HP: 23/41 MP: 6/6
  1990 | D:3      | Identified the +1 mace of Uskayaw's Supremacy {freeze,
                  | rElec Will- Dex+4 SInv}
  2017 | D:3      | Found a radiant altar of Vehumet.
  2975 | D:4      | Noticed Menkaure
  2979 | D:4      | Killed Menkaure
  2980 | D:4      | Reached skill level 5 in Shapeshifting
  2980 | D:4      | Reached XP level 7. HP: 46/46 MP: 7/7
  3024 | D:4      | Found a blossoming altar of Fedhas.
  3117 | D:4      | Found a staircase to the Ecumenical Temple.
  3163 | Temple   | Entered the Ecumenical Temple
  3177 | Temple   | Became a worshipper of Gozag Ym Sagoz the Greedy
  3207 | D:5      | Entered Level 5 of the Dungeon
  3375 | D:5      | Identified the ring "Yfoelatz" {rC+ rN+ Str+3}
  3649 | D:5      | Reached XP level 8. HP: 48/54 MP: 8/8
  3695 | D:5      | Reached skill level 5 in Unarmed Combat
  3695 | D:5      | Reached skill level 6 in Shapeshifting
  3868 | D:5      | Found a white marble altar of Elyvilon.
  4102 | D:6      | Noticed Pikel
  4283 | D:6      | Found Matz's General Store.
  4287 | D:6      | Bought a potion of heal wounds for 55 gold pieces
  4307 | D:6      | Found an iron altar of Okawaru.
  4410 | D:6      | Found Wockoru's Armour Boutique.
  4419 | D:6      | Saving game... please wait.
  4487 | D:6      | Killed Pikel
  4488 | D:6      | Reached skill level 5 in Dodging
  4488 | D:6      | Reached skill level 7 in Shapeshifting
  4593 | D:6      | Found Qaitz's Weapon Shop.
  4805 | D:6      | Found Acwecvos's General Store.
  4880 | D:6      | Reached XP level 9. HP: 60/60 MP: 9/9
  5198 | D:7      | Found an ornate altar of the Wu Jian Council.
  5199 | D:7      | Found a sparkling altar of Nemelex Xobeh.
  5224 | D:7      | Reached skill level 5 in Fighting
  5671 | D:7      | Found a glowing golden altar of the Shining One.
  5810 | D:8      | Noticed a deep elf pyromancer
  5821 | D:8      | Killed a deep elf pyromancer
  5827 | D:8      | Reached skill level 8 in Shapeshifting
  5845 | D:8      | Noticed a cyclops
  5868 | D:8      | Killed a cyclops
  5975 | D:8      | Noticed Psyche
  6007 | D:8      | Noticed Erica
  6145 | D:8      | Killed Erica
  6146 | D:8      | Reached XP level 10. HP: 46/69 MP: 10/10
  6204 | D:8      | Noticed a skeletal warrior
  6548 | D:8      | Noticed a skeletal warrior
  6561 | D:8      | Killed a skeletal warrior
  6562 | D:8      | Reached skill level 9 in Shapeshifting
  6674 | D:8      | Noticed Maggie
  6699 | D:8      | Killed Maggie
  6783 | D:8      | Noticed a skeletal warrior
  6796 | D:8      | Mangled by a skeletal warrior

Illustrated notes

Levels and vault maps discovered:
D:1:      tarquinn_simple_flora_water_f, layout_loops_ring, serial_shops,
          nicolae_shop_advertising_works [nicolae_subvault_shop_adworks],
          shapermc_ecumenical_altar_totnotflames
D:2:      layout_basic, minmay_misc_feat_rugged, uniq_sigmund
D:3:      layout_loops_ring, fiery_altar_vehumet, minmay_misc_feat_chi
D:4:      layout_basic, lemuel_coloured_pillars_altar,
          minmay_temple_entry_proselytizer, uniq_menkaure
D:5:      layout_cave_pods, mainiacjoe_overflow_cross_hatched,
          serial_column_ruins, column_ruins_hut_pillars,
          column_ruins_corridor_straight, column_ruins_columns_corner,
          column_ruins_open_small, column_ruins_corridor_corner,
          column_ruins_columns_straight
D:6:      layout_basic, mainiacjoe_overflow_24_doors, serial_shops, shop, shop,
          shop, nicolae_lakefront_shop, uniq_pikel
D:7:      layout_loops_cross, tso_altar, nicolae_overflow_two_pavilions
D:8:      layout_basic, minmay_manual_mess, uniq_psyche, uniq_erica, uniq_maggie
D:9:      layout_gridville, nicolae_ru_sacrificial_ziggurat, roderic_lattice_a,
          lightli_fourway_metalbox, uniq_jeremiah
Temple:   nicolae_temple_slightly_damp_pantheon

Skill      XL: |  1  2  3  4  5  6  7  8  9 10 |
---------------+-------------------------------+-----
Fighting       | 2 3 4 6 |  6.7
Dodging        | 3 4 5 6 7 |  7.0
Unarmed Combat | 4 5 7 |  7.4
Shapeshifting  | 4 5 7 8 9 |  9.3

Action                     |  1- 3 |  4- 6 |  7- 9 | 10-12 || total
---------------------------+-------+-------+-------+-------++-------
  Melee: Unarmed           |    64 |   105 |   158 |    32 ||   359
         Constrict         |    13 |    29 |    40 |     6 ||    88
         Punch             |     4 |     3 |     5 |       ||    12
         Tentacles         |     7 |    18 |    38 |    14 ||    77
  Throw: Dart              |       |       |     3 |       ||     3
  Evoke: Wand              |       |       |     3 |     2 ||     5
    Use: Potion            |       |     1 |     1 |       ||     2
         Scroll            |       |     3 |     9 |       ||    12
   Stab: Sleeping          |     6 |     5 |     7 |       ||    18
         Distracted        |     1 |     1 |     2 |       ||     4
 Armour: Skin              |    21 |    30 |    57 |    12 ||   120
  Dodge: Dodged            |    33 |    45 |    84 |    20 ||   182
   Form: Flux              |       |       |     1 |       ||     1

Table legend: (Time is in decaauts)
 A = Elapsed time spent in this place.
 B = Non-inter-level travel time spent in this place.
 C = Inter-level travel time spent in this place.
 D = Time resting spent in this place.
 E = Time spent auto-exploring this place.
 F = Levels seen in this place.
 G = Mean time per level.
                   A        B        C        D        E       F      G
               +--------+--------+--------+--------+--------+-----+--------+
         Total |   6757 |   6470 |    287 |    127 |   5187 |  10 |  675.7 |
       Dungeon |   6728 |   6467 |    261 |    127 |   5187 |   9 |  747.6 |
        Temple |     28 |      2 |     26 |      0 |      0 |   1 |   28.0 |
               +--------+--------+--------+--------+--------+-----+--------+

Top non-repeatable levels by time:
     D:5: 940 daAuts
     D:2: 904 daAuts
     D:6: 850 daAuts
     D:7: 814 daAuts
     D:1: 766 daAuts
     D:3: 751 daAuts
     D:4: 739 daAuts
     D:8: 646 daAuts
     D:9: 314 daAuts
  Temple: 28 daAuts
